 Dungeon Crawl Stone Soup version 0.31-a0-267-g3fc6992b3b (webtiles) character file.

Game seed: 7697382605682449402

69 qw the Shooter (level 4, 0/26 HPs)
             Began as a Gargoyle Hexslinger on July 14, 2023.
             Slain by Ijyb
             ... wielding a +0 club
              (3 damage)
             ... on level 3 of the Dungeon.
             The game lasted 00:00:40 (1639 turns).

qw the Shooter (Gargoyle Hexslinger)                Turns: 1639, Time: 00:00:41

Health: 0/26       AC:  9    Str: 12    XL:     4   Next: 20%
Magic:  5/5        EV: 10    Int: 13    God:
Gold:   130        SH:  0    Dex: 14    Spells: 4/5 levels left

rFire   . . .        Y - +1 sling
rCold   . . .        (no shield)
rNeg    + . .        g - +0 ring mail
rPois   inf          (no helmet)
rElec   +            (no cloak)
rCorr   .            e - +0 pair of gloves
SInv    .            (no boots)
Will    .....        j - amulet of reflection Stlth
                     (no ring)
HPRegen 0.24/turn    (no ring)
MPRegen 0.09/turn

%: reflection
@: confused
A: sickness immunity, AC +3, negative energy resistance 1, electricity
resistance, torment resistance 1, petrification resistance
a: no special abilities


You were on level 3 of the Dungeon.
You visited 1 branch of the dungeon, and saw 3 of its levels.

You collected 130 gold pieces.


Innate Abilities, Weirdness & Mutations

You are immune to sickness and miasma.
Your stone body is resilient. (AC +3)
You are immune to poison.
You resist negative energy. (rN+)
You are resistant to electric shocks. (rElec)
You are resistant to unholy torment.
You are immune to petrification.


   Skills:
 - Level 2.0 Fighting
 + Level 3.8 Ranged Weapons
 - Level 1.0 Armour
 - Level 1.5 Dodging
 - Level 1.0 Spellcasting
 - Level 2.6 Hexes


You had 4 spell levels left.
You knew the following spells:

 Your Spells              Type           Power      Damage    Failure   Level
a - Slow                  Hex            28%        N/A       22%         1

Your spell library contained the following spells:

 Spells                   Type           Power      Damage    Failure   Level
 Inner Flame              Hex/Fire       4%         N/A       73%         3
 Portal Projectile        Hex/Tloc       8%         N/A       73%         3
 Cause Fear               Hex            3%         N/A       91%         4

Inventory:

Hand Weapons
 Y - a +1 sling (weapon)
Armour
 e - a +0 pair of gloves (worn)
 g - a +0 ring mail (worn)
Jewellery
 j - an amulet of reflection (around neck)
Scrolls
 a - a scroll of identify
Potions
 b - a potion of attraction {unknown}
 h - a potion of curing {unknown}

Dungeon Overview and Level Annotations

Branches:
Dungeon (3/15)

Altars:

Annotations:
D:3 Ijyb


Message History

Ijyb completely misses you. Ijyb hits you but does no damage.
Ijyb zaps a wand.
You resist with some effort.
Ijyb zaps a wand.
Your will is overpowered!
You are more confused.
Ijyb misses you. Ijyb misses you.
Ijyb zaps a wand.
Your will is overpowered!
You are more confused.
Ijyb zaps a wand.
You resist with some effort. Ijyb hits you with a +0 club.
Ijyb hits you with a +0 club. Ijyb hits you but does no damage.
Ijyb zaps a wand.
Your will is overpowered!
You are more confused.
Ijyb barely misses you. Ijyb hits you with a +0 club.
Ijyb hits you but does no damage. Ijyb hits you with a +0 club.
Ijyb zaps a wand.
Your will is overpowered!
You are more confused.
Ijyb barely misses you. Ijyb hits you with a +0 club. Ijyb barely misses you.
Ijyb hits you but does no damage. Ijyb closely misses you.
Ijyb completely misses you. Ijyb hits you but does no damage.
Ijyb zaps a wand.
Your will is overpowered!
You are more confused.
Ijyb zaps a wand.
Your will is overpowered!
You are more confused.
Ijyb closely misses you. Ijyb hits you with a +0 club. Ijyb closely misses you.
Ijyb hits you with a +0 club. Ijyb completely misses you.
Ijyb hits you with a +0 club. Ijyb hits you with a +0 club.
You die...

....####..###.####.#
... #........###.####.#
#...####...).#....#
#..........##....##
#....#####.##..#.#
#....# #.#####.######
#...## #.##..........
#...######+##.#........
####........#.#@.......
#........'.#.g....>.
#........###........
####........# #........
#...........# #..._....
#.....####### #......<.
#.....# #........
#.....# #........
#.....#


You could see Ijyb.

Vanquished Creatures
  2 adders (D:2)
  2 dart slugs
  4 endoplasms
  2 giant cockroaches
  3 goblins (D:2)
  3 hobgoblins
  11 kobolds
  2 quokkas
  4 ball pythons
  6 bats
  4 frilled lizards
  3 rats
46 creatures vanquished.

Notes
Turn   | Place    | Note
-------+----------+-------------------------------------------
     0 | D:1      | qw the Gargoyle Hexslinger began the quest for the Orb.
     0 | D:1      | Reached XP level 1. HP: 12/12 MP: 2/2
     0 | D:1      | 0 ||| qw: Version: 0.3-a-52-g30416fa
     0 | D:1      | 0 ||| qw: Game counter: 7838
     0 | D:1      | 0 ||| qw: Melee chars always use a shield: true
     0 | D:1      | 0 ||| qw: God list: Okawaru
     0 | D:1      | 0 ||| qw: Allow faded altars: false
     0 | D:1      | 0 ||| qw: Do Orc after clearing Dungeon:15 true
     0 | D:1      | 0 ||| qw: Do second Lair branch before Depths: true
     0 | D:1      | 0 ||| qw: Lair rune preference: random
     0 | D:1      | 0 ||| qw: Goals: Normal
     0 | D:1      | 0 ||| PLANNING D:1-11
    99 | D:1      | Reached XP level 2. HP: 16/16 MP: 3/3
   222 | D:1      | Reached skill level 3 in Ranged Weapons
   336 | D:1      | Reached XP level 3. HP: 21/21 MP: 4/4
   580 | D:1      | 580 ||| UPGRADING to +0 leather armour.
   590 | D:1      | 590 ||| DROPPING +0 robe.
   591 | D:1      | 591 ||| UPGRADING to +0 pair of gloves.
   596 | D:1      | 596 ||| UPGRADING to +0 ring mail.
   606 | D:1      | 606 ||| DROPPING +0 leather armour.
   607 | D:1      | 607 ||| UPGRADING to amulet of reflection.
   612 | D:1      | 612 ||| READING scroll labelled TEG ECYENKIO.
   713 | D:1      | 713 ||| READING scroll labelled RAPYGY MATZ.
   714 | D:1      | 714 ||| READING scroll labelled ITHRY BELEA.
   715 | D:1      | 715 ||| READING scroll labelled POKUAH EMNA.
   716 | D:1      | 716 ||| DROPPING scroll of poison.
   873 | D:2      | Reached skill level 1 in Armour
  1018 | D:2      | Identified the +8 quarterstaff of the Damp God {freeze,
                  | rElec rN++ Will+ rCorr}
  1092 | D:2      | Reached XP level 4. HP: 26/26 MP: 5/5
  1456 | D:2      | 1456 ||| DROPPING +0 ring mail of poison resistance.
  1457 | D:2      | 1457 ||| READING scroll labelled ITSODACAEX.
  1588 | D:3      | Found a faded altar of an unknown god.
  1595 | D:3      | Noticed Ijyb
  1636 | D:3      | HP: 6/26 [Ijyb/+0 club (5)]
  1638 | D:3      | HP: 2/26 [Ijyb/+0 club (4)]
  1639 | D:3      | Slain by Ijyb

Levels and vault maps discovered:
D:1:      scummos_arrival_star, layout_basic, minmay_tromino_v4_a
D:2:      layout_basic, minmay_vboxes
D:3:      layout_basic, basic_ecumenical_altar, uniq_terence, uniq_ijyb

Skill      XL: |  1  2  3 |
---------------+----------+-----
Ranged Weapons | 3 |  3.8
Fighting       | 2 |  2.0
Armour         | 1 |  1.0
Dodging        | |  1.5
Spellcasting   | |  1.0
Hexes          | |  2.6

Action                     |  1- 3 |  4- 6 || total
---------------------------+-------+-------++-------
   Fire: Sling             |   115 |    17 ||   132
    Use: Scroll            |     4 |     1 ||     5
 Armour: Robe              |    10 |       ||    10
         Ring mail         |    17 |     7 ||    24
  Dodge: Dodged            |    28 |    15 ||    43
  Block: Other             |     2 |     2 ||     4

Table legend:
 A = Non-vault XP
 B = Vault XP
 C = Vault XP percentage of total XP
 D = Non-vault monster count
 E = Vault monster count
 F = Vault count percentage of total count
                 A         B        C        D         E       F
            +---------+---------+-------+---------+---------+-------
      Total |      76 |      23 |  23.2 |      38 |       8 |  17.4
            +---------+---------+-------+---------+---------+-------
        D:1 |      32 |       4 |  11.1 |      19 |       2 |   9.5
        D:2 |      40 |      19 |  32.2 |      16 |       6 |  27.3
        D:3 |       4 |       0 |   0.0 |       3 |       0 |   0.0
            +---------+---------+-------+---------+---------+-------
